 Dungeon Crawl Stone Soup version 0.19-a0-139-gefc6d61 (webtiles) character file.

111 Kidiri the Magician (level 4, -9/28 HPs)
             Began as a High Elf Wizard on May 18, 2016.
             Shot with an arrow by a centaur (13 damage)
             ... on level 3 of the Dungeon.
             The game lasted 00:08:01 (3233 turns).

Kidiri the Magician (High Elf Wizard)               Turns: 3233, Time: 00:08:01

Health: -9/28      AC:  9    Str:  6    XL:     4   Next: 62%
Magic:  5/11       EV: 12    Int: 22    God:
Gold:   70         SH:  0    Dex: 14    Spells: 5 memorised, 2 levels left

rFire  . . .     SeeInvis +     j - +1 short sword
rCold  . . .     Gourm    .     l - +1 leather armour
rNeg   . . .     Faith    .     (no shield)
rPois  .         Spirit   .     b - +1 hat
rElec  .         Dismiss  .     t - +0 cloak
rCorr  .         Reflect  .     (no gloves)
SustAt .         Harm     .     v - +2 pair of boots
MR     .....                    (no amulet)
Stlth  ++........               q - ring of see invisible
                                r - ring of wizardry

@: repel missiles, not resistant to hostile enchantments, unstealthy
A: no striking features
a: no special abilities


You were on level 3 of the Dungeon.
You were not hungry.

You visited 1 branch of the dungeon, and saw 3 of its levels.

You collected 70 gold pieces.

Inventory:

Hand Weapons
 j - a +1 short sword (weapon)
Armour
 b - a +1 hat (worn)
 h - a +0 ring mail
 l - a +1 leather armour (worn)
 n - a +1 pair of boots
 t - a +0 cloak (worn)
 v - a +2 pair of boots (worn)
Jewellery
 i - an uncursed ring of protection from magic
 q - a ring of see invisible (right hand)
 r - a ring of wizardry (left hand)
Scrolls
 a - 3 scrolls of immolation
 g - a scroll of blinking
 m - a scroll of recharging
 u - a scroll of teleportation {unknown}
Potions
 e - 2 potions of heal wounds
 k - a potion of curing {unknown}
 o - a potion of might {unknown}
 s - 2 potions of berserk rage {unknown}
Books
 c - a book of Minor Magic

   Spells                             Type                      Level
   a - Magic Dart                     Conjuration                  1
   b - Blink                          Translocation                2
   c - Call Imp                       Summoning                    2
   d - Repel Missiles                 Charms/Air                   2
   e - Slow                           Hexes                        2
   f - Conjure Flame                  Conjuration/Fire             3
   g - Mephitic Cloud                 Conjuration/Poison/Air       3
Comestibles
 d - 3 bread rations
 f - 2 meat rations
 p - 3 chunks of flesh


   Skills:
 + Level 1.2 Fighting
 + Level 0.1 Armour
 * Level 3.4 Dodging
 - Level 2.1 Stealth
 * Level 4.3 Spellcasting
 + Level 1.5 Conjurations
 + Level 0.2 Charms
 + Level 1.0 Summonings
 + Level 1.7 Translocations
 + Level 1.7 Air Magic


You had 2 spell levels left.
You knew the following spells:

 Your Spells              Type           Power        Failure   Level  Hunger
a - Magic Dart            Conj           ##..         4%          1    None
b - Blink                 Tloc           N/A          6%          2    #......
c - Call Imp              Summ           #.......     7%          2    #......
d - Repel Missiles        Chrm/Air       #.....       7%          2    #......
e - Slow                  Hex            #.......     12%         2    #......


Dungeon Overview and Level Annotations

Branches:
Dungeon (3/15)

Altars:


Message History

Something barely misses your crimson imp.
The orc wizard points at you and mumbles some strange words.
The puff of frost misses you.
Something hits your crimson imp but does no damage.
Your crimson imp blinks!
The orc wizard hits your crimson imp with a dagger.
Your crimson imp blinks!
Something hits your crimson imp but does no damage.
Your crimson imp disappears in a puff of smoke!
You hear the quick rusting of a very distant drain.
The orc wizard miscasts a cantrip.
The centaur wields an uncursed shortbow.
The centaur shoots an arrow.
The arrow misses you.
The centaur shoots an arrow.
The arrow hits you!
* * * LOW HITPOINT WARNING * * *
You see here an arrow.
The centaur shoots an arrow.
The arrow hits you.
* * * LOW HITPOINT WARNING * * *
The centaur shoots an arrow.
The arrow hits you!
You die...

##...[.####.##.#.............#.#
#..#.#....#......#.#c#.#######.#
#.........##.....o.....# #.#
#......#..##.....c###### #.#
#.####.#..........# #.# #.#
#.....#......# #o# #.#
#.....#......# #.# #.#
#(....#.....(# #.# #.#
#.....###+#@## #.# #.# #.....#
#.# #.# #.# #.....+ #.. #.# ..#
#.....# #... #.# ### #.... #.# #
+..... #.# ### #...... #ยง# ..#
........ #.# ..# #### #o#


You could see a centaur and an orc wizard.

Vanquished Creatures
  A gnoll (D:2)
  4 adders
  An ooze (D:2)
  2 dart slugs
  A giant gecko (D:3)
  4 orcs (D:3)
  8 bats
  3 giant cockroaches
  5 hobgoblins
  2 giant newts
  6 goblins
  9 kobolds
  8 rats
54 creatures vanquished.

Vanquished Creatures (collateral kills)
  A hobgoblin (D:2)
1 creature vanquished.

Grand Total: 55 creatures vanquished

Notes
Turn   | Place    | Note
--------------------------------------------------------------
     0 | D:1      | Kidiri the High Elf Wizard began the quest for the Orb.
     0 | D:1      | Reached XP level 1. HP: 11/11 MP: 6/6
   453 | D:1      | Reached XP level 2. HP: 16/18 MP: 5/7
   457 | D:1      | Learned a level 2 spell: Blink
   460 | D:1      | Learned a level 2 spell: Call Imp
   463 | D:1      | Learned a level 2 spell: Repel Missiles
  1285 | D:2      | Reached skill level 4 in Spellcasting
  1352 | D:2      | Reached XP level 3. HP: 14/22 MP: 0/9
  1534 | D:2      | Learned a level 2 spell: Slow
  1762 | D:2      | Reached skill level 1 in Summonings
  1762 | D:2      | Reached skill level 1 in Air Magic
  2454 | D:2      | Reached XP level 4. HP: 27/27 MP: 6/11
  2571 | D:2      | Reached skill level 1 in Fighting
  3170 | D:3      | Noticed a centaur
  3233 | D:3      | Shot with an arrow by a centaur

Vault maps used:
D:1:      lightli_arrival_statuegarden, hex_tiny
D:2:      wad_crossroads, first_bread
D:3:      serial_glass, glass_columns_a, glass_columns_a, glass_columns_b,
          glass_columns_a, portal_sewer_entry_d

Skill      XL: |  1  2  3  4 |
---------------+-------------+-----
Spellcasting   | 4 |  4.3
Summonings     | 1 |  1.0
Air Magic      | 1 |  1.7
Dodging        | 3 |  3.4
Fighting       | 1 |  1.2
Armour         | |  0.1
Stealth        | |  2.1
Conjurations   | |  1.5
Charms         | |  0.2
Translocations | |  1.7

Action                   |  1- 3 |  4- 6 || total
-------------------------+-------+-------++-------
Melee: Mace              |     4 |       ||     4
       Short sword       |    12 |    17 ||    29
 Cast: Magic Dart        |    87 |    53 ||   140
       Call Imp          |     1 |     2 ||     3
       Repel Missiles    |       |     1 ||     1
  Use: Scroll            |     8 |     1 ||     9
 Stab: Sleeping          |       |     1 ||     1
  Eat: Chunk             |     3 |     2 ||     5
       Pizza             |     1 |       ||     1
Armor: Leather armour    |    15 |    11 ||    26
Dodge: Dodged            |    37 |    24 ||    61
       Deflected         |       |     1 ||     1
